 Dungeon Crawl Stone Soup version 0.29.1-1-gd02db6906a (webtiles) character file.

Game seed: 17665719114994150662

561 xian the Magician (level 7, 0/29 (32) HPs)
             Began as a Vine Stalker Air Elementalist on Oct 14, 2022.
             Slain by Duvessa
             ... wielding a +1 rapier of draining
              (5 damage)
             ... on level 7 of the Dungeon.
             The game lasted 00:11:40 (5007 turns).

xian the Magician (Vine Stalker Air Elementalist)   Turns: 5007, Time: 00:11:41

HP:   0/29 (32)     AC:  3    Str: 10    XL:     7   Next: 31%
MP:   0/15          EV: 12    Int: 17    God:
Gold: 244           SH:  0    Dex: 15    Spells: 6/16 levels left

rFire   . . .      SeeInvis .   d - +2 hand axe (freeze)
rCold   . . .      Faith    .   (no shield)
rNeg    . . .      Spirit   +   a - +0 robe
rPois   .          Reflect  .   (no helmet)
rElec   .          Harm     .   (no cloak)
rCorr   .          Rampage  .   p - +0 pair of gloves
Will    .....                   (no boots)
Stlth   ++........              (no amulet)
HPRegen 0.89/turn               (no ring)
MPRegen 0.14/turn               (no ring)

@: drained
A: fangs 2, regeneration 1, magic shield, antimagic bite, no potion heal 2
a: no special abilities


You were on level 7 of the Dungeon.
You visited 1 branch of the dungeon, and saw 6 of its levels.
You also visited: Sewer.

You collected 255 gold pieces.
You spent 11 gold pieces at shops.

Inventory:

Hand Weapons
 d - a +2 hand axe of freezing (weapon)
Armour
 a - a +0 robe (worn)
 p - a +0 pair of gloves (worn)
Jewellery
 f - a ring of wizardry
Wands
 q - a wand of iceblast (10)
Scrolls
 c - a scroll of fear {unknown}
 e - a scroll of vulnerability
 h - 3 scrolls of identify
 k - 2 scrolls of teleportation
 l - a scroll of fog {unknown}
 m - a scroll of enchant weapon {unknown}
 n - a scroll of blinking
 s - a scroll of magic mapping {unknown}
 t - a scroll of enchant armour {unknown}
Potions
 b - a potion of lignification {unknown}
 g - a potion of might
 i - a potion of resistance {unknown}
 j - a potion of mutation {unknown}
 o - a potion of berserk rage {unknown}
 r - 3 potions of curing {unknown}


   Skills:
 + Level 0.2 Fighting
 + Level 0.2 Axes
 + Level 2.1 Dodging
 + Level 3.2 Stealth
 + Level 5.1 Spellcasting
 * Level 3.8 Conjurations
 + Level 4.7 Air Magic


You had 6 spell levels left.
You knew the following spells:

 Your Spells              Type           Power      Damage    Failure   Level
a - Shock                 Conj/Air       72%        1d7       2%          1
b - Static Discharge      Conj/Air       18%        3-6/arc   3%          2
c - Swiftness             Air            20%        N/A       6%          3
d - Airstrike             Air            10%        2d(2-18)  21%         4

Your spell library contained the following spells:

 Spells                   Type           Power      Damage    Failure   Level
 Conjure Flame            Conj/Fire      10%        6-21      19%         3
 Ignite Poison            Fire/Tmut/Pois 4%         N/A       38%         3
 Ozocubu's Armour         Ice            4%         N/A       38%         3
 Summon Guardian Golem    Hex/Summ       4%         N/A       38%         3
 Sticky Flame             Conj/Fire      10%        2d3       54%         4
 Metabolic Englaciation   Hex/Ice        2%         N/A       98%         5
 Simulacrum               Ice/Necr       2%         N/A       100%        6
 Orb of Destruction       Conj           8%         9d6       100%        7
 Spellforged Servitor     Conj/Summ      5%         N/A       100%        7


Dungeon Overview and Level Annotations

Branches:
Dungeon (5/15)              Sewer (visited)
 Temple: D:4-7

Altars:

Shops:
D:1 =?

Annotations:
D:7 Dowan, Duvessa


Innate Abilities, Weirdness & Mutations

You have extremely sharp teeth.
Your natural rate of healing is unusually fast.
When hurt, damage is shared between your health and your magic reserves.
Your bite disrupts and absorbs the magic of your enemies.
Potions cannot restore your health.


Message History

Duvessa shouts!
You hear a shout!
Unknown command.
Dowan, Brother of Duvessa comes into view.
He is wielding a +0 dagger and wearing a +2 robe of positive energy.
Found a fizzy inky potion.
Found a stone staircase leading down.
Duvessa drinks a potion.
Duvessa seems to grow stronger.
Casting: Shock (safe; 2% risk of failure)
Confirm with . or Enter, or press ? or * to list all spells.
Duvessa is struck by an arc of lightning!
Duvessa is moderately wounded.
You are struck by an arc of lightning.
Duvessa is struck by an arc of lightning.
Duvessa is moderately wounded.
You are struck by an arc of lightning.
The lightning grounds out.
Dowan shouts!
You hear a shout!
Dowan gestures at Duvessa while chanting.
Duvessa seems to speed up.
Duvessa closely misses you.
Unknown command.
Casting: Static Discharge (safe; 3% risk of failure)
Confirm with . or Enter, or press ? or * to list all spells.
Duvessa is struck by an arc of lightning!
Duvessa is heavily wounded.
You are struck by an arc of lightning.
Duvessa is struck by an arc of lightning.
Duvessa is severely wounded.
You are struck by an arc of lightning.
The lightning grounds out.
Duvessa hits you with a +1 rapier of draining!
You feel drained.
Unknown command.
Casting: Static Discharge (safe; 3% risk of failure)
Confirm with . or Enter, or press ? or * to list all spells.
Duvessa is struck by an arc of lightning.
Duvessa is severely wounded.
You are struck by an arc of lightning.
Duvessa is struck by an arc of lightning.
Duvessa is almost dead.
The lightning grounds out.
Duvessa hits you with a +1 rapier of draining!
* * * LOW HITPOINT WARNING * * *
You feel drained.
You die...

## ##.# ## ##..##
##.# ....#
##...###...##
#...........##
#...........#
..##...##......#
#..@# .......
.......e.........
>....##..........
..?.. ...........
.... ...e..#####
#.. ......## ##.
....8.# ###....#


You could see Duvessa (fast, strong) and Dowan.

Vanquished Creatures
  A black bear (D:3)
  2 bullfrogs (Sewer)
  A scorpion (D:4)
  A howler monkey (D:4)
  Ijyb (D:4)
  2 iguanas
  5 adders
  A white imp (D:5)
  3 worms
  6 dart slugs
  5 orcs
  5 endoplasms
  10 giant cockroaches
  6 goblins
  6 hobgoblins
  6 kobolds
  10 quokkas
  6 ball pythons
  6 bats
  15 frilled lizards
  5 rats
103 creatures vanquished.

Notes
Turn   | Place    | Note
-------+----------+-------------------------------------------
     0 | D:1      | xian the Vine Stalker Air Elementalist began the quest for
                  | the Orb.
     0 | D:1      | Reached XP level 1. HP: 9/9 MP: 4/4
   129 | D:1      | Reached XP level 2. HP: 11/13 MP: 1/6
   434 | D:1      | Found Sab Ficw's Magic Scroll Shop.
   442 | D:1      | Bought a scroll of noise for 11 gold pieces
   444 | D:1      | Found Kuyr's Jewellery Boutique.
   607 | D:1      | Learned a level 2 spell: Static Discharge
   638 | D:1      | Reached XP level 3. HP: 16/16 MP: 1/8
  1504 | D:2      | Found a faded altar of an unknown god.
  1771 | D:2      | Reached skill level 3 in Spellcasting
  1871 | D:2      | Gained mutation: Your natural rate of healing is unusually
                  | fast. [Vine Stalker growth]
  1871 | D:2      | Reached XP level 4. HP: 21/21 MP: 6/9
  1876 | D:2      | Learned a level 3 spell: Swiftness
  2685 | D:3      | Noticed a black bear
  2698 | D:3      | Killed a black bear
  2699 | D:3      | Reached XP level 5. HP: 9/24 MP: 8/11
  2836 | D:3      | Learned a level 4 spell: Airstrike
  2986 | D:4      | Reached skill level 4 in Spellcasting
  2986 | D:4      | Reached XP level 6. HP: 26/28 MP: 3/13
  3194 | D:4      | Found a glowing drain.
  3203 | Sewer    | Entered a sewer
  4182 | D:4      | Reached XP level 7. HP: 19/32 MP: 4/15
  4425 | D:4      | Noticed Ijyb
  4433 | D:4      | Reached skill level 5 in Spellcasting
  4433 | D:4      | Killed Ijyb
  4786 | D:5      | Entered Level 5 of the Dungeon
  5001 | D:5      | You fall into a shaft and drop 2 floors!
  5002 | D:7      | Noticed Duvessa
  5003 | D:7      | Noticed Dowan
  5007 | D:7      | Slain by Duvessa

Illustrated notes

Levels and vault maps discovered:
D:1:      dpeg_arrival_radiant, layout_rooms, serial_shops, shop,
          nicolae_shop_crystal
D:2:      layout_basic, hellmonk_ecumenical_altar_pennies_from_heaven,
          grunt_ministairs_7
D:3:      layout_basic
D:4:      layout_cave_pools, portal_sewer_entry_d, kennysheep_path_1, uniq_ijyb
D:5:      layout_basic, minmay_temple_entry_wispy, uniq_edmund
D:7:      layout_cave_pools, serial_gnoll_camp, gnoll_camp_mini_shop,
          gnoll_camp_mini_shop, gnoll_camp_huts_moat, gnoll_camp_medium_02,
          gnoll_camp_medium_01, gnoll_camp_mini_shop, minmay_misc_feat_alley,
          minivault_24, due_unseen_surprise, uniq_maggie, uniq_duvessa

Skill      XL: |  1  2  3  4  5  6  7 |
---------------+----------------------+-----
Spellcasting   | 3 4 5 |  5.1
Conjurations   | 2 3 |  3.8
Air Magic      | 4 |  4.7
Dodging        | 2 |  2.1
Stealth        | 3 |  3.2
Fighting       | |  0.2
Axes           | |  0.2

Action                   |  1- 3 |  4- 6 |  7- 9 || total
-------------------------+-------+-------+-------++-------
Melee: Unarmed           |     8 |       |       ||     8
       Bite              |     1 |       |       ||     1
       Hand axe          |     2 |     1 |       ||     3
 Cast: Shock             |   101 |   111 |    28 ||   240
       Static Discharge  |       |    12 |     6 ||    18
       Swiftness         |       |     1 |       ||     1
  Use: Potion            |       |     1 |       ||     1
       Scroll            |       |     4 |       ||     4
Armor: Robe              |    13 |     6 |     1 ||    20
Dodge: Dodged            |    29 |    33 |     5 ||    67
